cohdb
Replays
Latest Replays
All Replays
Popular Replays
Top Player Replays
Match Explorer
How It Works
Community
CoH3 Stats
Reddit
Sign in to upload your games and track your stats! →
Sign in with Steam
Match 41328278
Unlisted
Match 41328278
Overview
Messages
Build Orders
End
Selects Terror Battlegroup
Pioneer Squad
Construct Infanterie Kompanie
MG 42 Machine Gun Team
Selects Machine Gun Camouflage
MG 42 Machine Gun Team
Grenadier Squad
Grenadier Squad
Construct Panzergrenadier Kompanie
Pak 40 Anti-tank Gun Team
Medical Station
Panzergrenadier Squad
Panzergrenadier Squad
Selects Contempt for the Weak
Selects Defend the Fatherland
MG 42 Machine Gun Team
Panzergrenadier Squad
Pak 40 Anti-tank Gun Team
Pak 40 Anti-tank Gun Team
UH|ck
iceman
Darbesky
venam
0
0
Comments
sign in to comment!
No comments posted yet!